 Dungeon Crawl Stone Soup version 0.27.0-1-g7a089689b8 (webtiles) character file.

Game seed: 5354408550804065369

50 SnakkuSnakku7 the Bolt Thrower (level 3, -4/24 HPs)
             Began as a Vampire Hunter on Aug 6, 2021.
             Slain by a chaos spawn (11 damage)
             ... summoned by Xom
             ... on level 2 of the Dungeon.
             The game lasted 00:01:32 (850 turns).

SnakkuSnakku7 the Bolt Thrower (Vampire Hunter)      Turns: 850, Time: 00:01:34

Health: -4/24      AC:  3    Str: 12    XL:     3   Next: 55%
Magic:  3/3        EV: 12    Int: 11    God:
Gold:   32         SH:  0    Dex: 14    Spells: 2/2 levels left

rFire    . . .     SeeInvis +   b - +0 short sword
rCold    . . .     Faith    .   (no shield)
rNeg     . . .     Spirit   .   c - +0 leather armour
rPois    .         Reflect  .   (no helmet)
rElec    .         Harm     .   (no cloak)
rCorr    .         Rampage  .   (no gloves)
Will     .....                  (no boots)
Stlth    ++........             (no amulet)
HPRegen  0.28/turn              (no ring)
MPRegen  0.08/turn              (no ring)

@: healing quickly
A: alive, fangs 3, see invisible, vampiric 2, dopey 1, frail 1
a: Exsanguinate


You were on level 2 of the Dungeon.
You visited 1 branch of the dungeon, and saw 2 of its levels.

You collected 32 gold pieces.

Inventory:

Hand Weapons
 a - a +1 hand crossbow
 b - a +0 short sword (weapon)
Missiles
 d - 20 bolts
Armour
 c - a +0 leather armour (worn)
Scrolls
 g - a scroll of summoning
Potions
 e - 2 potions of curing {unknown}


   Skills:
 - Level 1.7 Fighting
 + Level 4.4 Crossbows
 - Level 2.1 Dodging
 - Level 1.5 Stealth


You had 2 spell levels left.
You didn't know any spells.
Your spell library was empty.

Dungeon Overview and Level Annotations

Branches:
Dungeon (2/15)

Altars:
Xom


Innate Abilities, Weirdness & Mutations

Your natural rate of healing is accelerated.
You have razor-sharp teeth.
You have supernaturally acute eyesight. (SInv)
You are afflicted with vampirism and can become a bat while bloodless.
You are dopey. (Int -2)
You are frail. (-10% HP)


Message History

An endoplasm and a goblin come into view.
There are monsters nearby!
There are monsters nearby!
The goblin shouts!
The goblin unwields a +0 club.
The goblin wields a +0 hunting sling.
The goblin shoots a stone.
The stone closely misses you.
The goblin shoots a stone.
The stone misses you.
The goblin unwields a +0 hunting sling.
The goblin wields a +0 club.
The goblin closely misses you.
You see here a smoky yellow potion.
You hit the goblin. Your bite misses the goblin.
The goblin is severely wounded.
The goblin hits you but does no damage.
You hit the goblin.
You kill the goblin!
No target in view!
No target in view!
Things that are here:
a +0 club; a +0 hunting sling; 14 stones You hear Xom's maniacal laughter.
You see here a smoky yellow potion.
You hit the white imp.
The white imp is moderately wounded.
You hit the white imp.
You bite the white imp, but do no damage.
The white imp is heavily wounded.
The ufetubus hits you. x2; The chaos spawn closely misses you.
The white imp barely misses you.
The crimson imp blinks!
The white imp misses you.
Unknown command.
As you read the scroll labelled XOTATI ETAIS, it crumbles to dust.
It is a scroll of identify.
g - a scroll of summoning The ufetubus closely misses you. x3; The ufetubus hits you.
The white imp gestures at you. The puff of frost hits you!
* * * LOW HITPOINT WARNING * * *
The crimson imp picks up a beetle and eats it.
The white imp misses you. The chaos spawn gores you!
You die...

#..# #####.# #
#..###..##.# #
#...#.....†# #
#...###..#####
##..##
#.......
##..##
##.#####
##4.## ...# #
##55## ##### #
##@5## # #45##
# #.55## #
##.## # ## .


You could see an ice devil (summoned), a chaos spawn (summoned), a quasit
(summoned), 2 crimson imps, 2 white imps and an ufetubus (summoned).

Vanquished Creatures
  4 dart slugs
  4 bats (D:1)
  4 endoplasms
  A giant cockroach (D:1)
  3 goblins
  3 hobgoblins (D:1)
  7 ball pythons
  2 frilled lizards (D:1)
  6 kobolds
  6 rats (D:1)
40 creatures vanquished.

Vanquished Creatures (others)
  A fungus (D:1)
  6 plants (D:1)
7 creatures vanquished.

Grand Total: 47 creatures vanquished

Notes
Turn   | Place    | Note
-------+----------+-------------------------------------------
     0 | D:1      | SnakkuSnakku7 the Vampire Hunter began the quest for the
                  | Orb.
     0 | D:1      | Reached XP level 1. HP: 16/16 MP: 1/1
   164 | D:1      | Reached XP level 2. HP: 18/22 MP: 2/2
   242 | D:1      | Found a faded altar of an unknown god.
   271 | D:1      | Reached skill level 4 in Crossbows
   291 | D:1      | Became a worshipper of Xom the Tricky
   292 | D:1      | Fell from the grace of Xom
   403 | D:1      | Gained mutation: You are afflicted with vampirism and can
                  | become a bat while bloodless. [Vampire growth]
   403 | D:1      | Reached XP level 3. HP: 21/27 MP: 3/3
   432 | D:1      | XOM: draining
   472 | D:1      | XOM: give mutations
   472 | D:1      | Gained mutation: You are frail. (-10% HP) [Xom's mischief]
   472 | D:1      | Gained mutation: You are very frail. (-20% HP) [Xom's
                  | mischief]
   472 | D:1      | Lost mutation: You are very frail. (-20% HP) [Xom's
                  | mischief]
   472 | D:1      | Gained mutation: You are dopey. (Int -2) [Xom's mischief]
   847 | D:2      | XOM: summons 8 hostile demons
   848 | D:2      | Noticed a chaos spawn
   848 | D:2      | Noticed an ice devil
   850 | D:2      | Slain by a chaos spawn

Illustrated notes

Levels and vault maps discovered:
D:1:      saegor_arrival_simple_a, layout_loops_ring,
          shapermc_ecumenical_altar_mp_urbaneastern, minmay_domino_2
D:2:      minmay_alternating_diamond, layout_loops_ring, serial_shops, shop,
          nicolae_square_shop

Skill      XL: |  1  2 |
---------------+-------+-----
Crossbows      | 4 |  4.4
Fighting       | |  1.7
Dodging        | |  2.1
Stealth        | |  1.5

Action                   || total
-------------------------++-------
Melee: Short sword       ||   154
       Bite              ||    10
Invok: Renounce Religion ||     1
  Use: Scroll            ||     1
 Stab: Sleeping          ||     3
Armor: Leather armour    ||    35
Dodge: Dodged            ||   113
